 Dungeon Crawl Stone Soup version 0.30-a0-377-g5cb311bc9f (webtiles) character file.

Game seed: 16755093851469837542

95 qeuew the Trooper (level 4, 0/36 HPs)
             Began as a Demonspawn Monk on Nov 29, 2022.
             Was a Priest of Fedhas.
             Succumbed to an orc's poison
             ... on level 3 of the Dungeon.
             The game lasted 00:04:16 (2300 turns).

qeuew the Trooper (Demonspawn Monk)                 Turns: 2300, Time: 00:04:17

Health: 0/36       AC: 10    Str: 13      XL:     4   Next: 39%
Magic:  5/5        EV: 13    Int: 10 (11) God:    Fedhas [***...]
Gold:   186        SH:  0    Dex: 14 (16) Spells: 3/3 levels left

rFire   . . .      SeeInvis .    a - +0 mace
rCold   . . .      Faith    .    (no shield)
rNeg    . . .      Spirit   .    b - +0 robe
rPois   .          Reflect  .    (helmet restricted)
rElec   .          Harm     .    (no cloak)
rCorr   +          Rampage  .    h - +2 pair of gloves
Will    .....                    (no boots)
Stlth   ++........               (no amulet)
HPRegen 0.26/turn                i - ring of resist corrosion
MPRegen 0.09/turn                l - +4 ring of protection

@: lethally poisoned (0 -> -3)
A: antennae 1, rugged brown scales 1
a: Renounce Religion, Wall of Briars, Grow Ballistomycete


You were on level 3 of the Dungeon.
You worshipped Fedhas.
Fedhas was most pleased with you.
You visited 1 branch of the dungeon, and saw 3 of its levels.

You collected 186 gold pieces.

Inventory:

Hand Weapons
 a - a +0 mace (weapon)
Armour
 b - a +0 robe (worn)
 h - a +2 pair of gloves (worn)
Jewellery
 f - a ring of protection from fire
 i - a ring of resist corrosion (left hand)
 k - a ring of positive energy
 l - a +4 ring of protection (right hand)
Scrolls
 e - a scroll of blinking
 g - a scroll of identify
 j - a scroll of magic mapping
Potions
 c - a potion of ambrosia
 d - 2 potions of might


   Skills:
 + Level 3.5 Fighting
 + Level 3.2 Maces & Flails
 + Level 1.4 Armour
 + Level 3.3 Dodging
 - Level 1.7 Stealth
 * Level 1.5 Invocations


You had 3 spell levels left.
You didn't know any spells.
Your spell library contained the following spells:

 Spells                   Type           Power      Damage    Failure   Level
 Slow                     Hex            0%         N/A       36%         1
 Blink                    Tloc           0%         N/A       50%         2
 Confusing Touch          Hex            0%         N/A       75%         3
 Vampiric Draining        Necr           0%         2d6       75%         3
 Cause Fear               Hex            0%         N/A       98%         4
 Manifold Assault         Tloc           0%         N/A       98%         4
 Dragon Form              Tmut           0%         N/A       100%        7
 Storm Form               Tmut/Air       0%         N/A       100%        7
 Dragon's Call            Summ           0%         N/A       100%        9


Dungeon Overview and Level Annotations

Branches:
Dungeon (3/15)

Altars:
Fedhas
Vehumet

Shops:
D:3 *


Innate Abilities, Weirdness & Mutations

You have a pair of small antennae on your head.
You are partially covered in rugged brown scales. (AC +1, +3% HP)


Message History

You are confused.
The orc closely misses you. x2; The goblin hits you but does no damage.
You are too injured to fight recklessly!
You are too injured to fight recklessly!
You are too injured to fight recklessly!
Unknown command.
You barely miss the orc wizard.
The orc wizard is severely wounded.
You feel very sick. The orc barely misses you. The goblin closely misses you.
The orc wizard barely misses you. The orc misses you.
The orc closely misses you.
Unknown command.
The orc wizard attacks as you move away!
The orc wizard hits you with a +0 dagger.
* * * LOW HITPOINT WARNING * * *
You feel sick. The orc hits you but does no damage.
The orc wizard gestures wildly while chanting.
The orc wizard flickers and vanishes!
Deactivating autopickup; reactivate with Ctrl-A.
You barely miss the orc.
* * * LOW HITPOINT WARNING * * *
You feel very sick. The orc misses you. The goblin hits you but does no damage.
The orc misses you. The orc closely misses you.
You feel sick. The orc hits you but does no damage.
You barely miss the orc.
You feel sick. The orc barely misses you.
The goblin hits you but does no damage. The orc hits you with a +0 dagger.
* * * LOW HITPOINT WARNING * * *
Unknown command.
You're too confused to move!
You feel less confused.
* * * LOW HITPOINT WARNING * * *
You feel sick. The orc hits you but does no damage.
The goblin hits you but does no damage. Something hits you but does no damage.
The orc hits you with a +0 dagger.
* * * LOW HITPOINT WARNING * * *
You completely miss something.
You die...
Fedhas appreciates your contribution to the ecosystem.

......# #..#####..# #
......# ##########..#
#..####+#
#########...........#
##.##≈≈≈g≈
#....†########.####..##~~≈≈≈
#.....# #.......##.....
#.....###########..#.##.....
#.....#............#.##.....
#.....#.....o.....>...#)....
#.....#....@g......##.......
#[....#...o{o......#########
####.##...........)# {....
#.##............# ....
#.##.)..........# ....
#.##............# ....
#########.##............#
....
..........##............#
....
############............#
####


You could see 3 orcs and a goblin.

Vanquished Creatures
  3 adders
  3 worms
  A dart slug (D:2)
  An orc (D:3)
  7 ball pythons
  4 endoplasms
  A giant cockroach (D:2)
  6 goblins
  6 hobgoblins
  6 jackals (D:1)
  2 quokkas (D:1)
  3 bats
  3 frilled lizards
  2 kobolds (D:1)
  6 rats
54 creatures vanquished.

Notes
Turn   | Place    | Note
-------+----------+-------------------------------------------
     0 | D:1      | qeuew the Demonspawn Monk began the quest for the Orb.
     0 | D:1      | Reached XP level 1. HP: 18/18 MP: 1/1
   328 | D:1      | Gained mutation: You are partially covered in rugged brown
                  | scales. (AC +1, +3% HP) [demonic ancestry]
   328 | D:1      | Reached XP level 2. HP: 18/24 MP: 2/2
   910 | D:2      | Reached skill level 1 in Armour
   975 | D:2      | Reached XP level 3. HP: 22/29 MP: 3/3
  1355 | D:2      | Found a faded altar of an unknown god.
  1436 | D:2      | Prayed at the altar of an unknown god.
  1436 | D:2      | Became a worshipper of Fedhas Madash
  1436 | D:2      | Reached * piety under Fedhas
  1436 | D:2      | Reached ** piety under Fedhas
  1601 | D:3      | Gained mutation: You have a pair of small antennae on your
                  | head. [demonic ancestry]
  1601 | D:3      | Reached XP level 4. HP: 32/36 MP: 4/4
  1670 | D:3      | Reached *** piety under Fedhas
  1682 | D:3      | Reached skill level 1 in Invocations
  1789 | D:3      | Found a radiant altar of Vehumet.
  1974 | D:3      | Found Tumi Pan's General Store.
  2299 | D:3      | HP: 1/36 [orc/+0 dagger (2)]
  2300 | D:3      | Succumbed to an orc's poison

Illustrated notes

Levels and vault maps discovered:
D:1:      wander_arrival_estate, layout_basic, minivault_11, chequers_avenue,
          minivault_26
D:2:      layout_rooms, hellmonk_ecumenical_altar_inner_sanctum
D:3:      layout_basic, nicolae_vehumet_radiance, serial_shops, shop,
          minmay_goblin_outpost

Skill      XL: |  1  2  3  4 |
---------------+-------------+-----
Dodging        | 3 |  3.3
Maces & Flails | 3 |  3.2
Armour         | 1 |  1.4
Invocations    | 1 |  1.5
Fighting       | |  3.5
Stealth        | |  1.7

Action                   |  1- 3 |  4- 6 || total
-------------------------+-------+-------++-------
Melee: Mace              |   140 |    65 ||   205
       Punch             |     1 |     2 ||     3
  Use: Scroll            |     7 |       ||     7
       Potion            |     2 |       ||     2
 Stab: Sleeping          |     3 |       ||     3
Armor: Robe              |    63 |    51 ||   114
Dodge: Dodged            |   113 |    91 ||   204

Table legend: (Time is in decaauts)
 A = Elapsed time spent in this place.
 B = Non-inter-level travel time spent in this place.
 C = Inter-level travel time spent in this place.
 D = Time resting spent in this place.
 E = Time spent auto-exploring this place.
 F = Levels seen in this place.
 G = Mean time per level.
                   A        B        C        D        E       F      G
               +--------+--------+--------+--------+--------+-----+--------+
         Total |   2349 |   2249 |    100 |     44 |   1674 |   3 |  783.0 |
       Dungeon |   2349 |   2249 |    100 |     44 |   1674 |   3 |  783.0 |
               +--------+--------+--------+--------+--------+-----+--------+

Top non-repeatable levels by time:
     D:1: 904 daAuts
     D:3: 791 daAuts
     D:2: 652 daAuts
